 Dungeon Crawl Stone Soup version 0.20.1-1-g8b1a95d (webtiles) character file.

230756 ninurtach the Executioner (level 18, -8/163 HPs)
             Began as a Minotaur Fighter on Nov 15, 2017.
             Was a High Priest of Okawaru.
             Killed by divine providence
             ... invoked by a meliai
              (14 damage)
             ... on level 2 of the Spider Nest on Nov 18, 2017.
             The game lasted 02:51:13 (48597 turns).

ninurtach the Executioner (Minotaur Fighter)       Turns: 48597, Time: 02:51:14

Health: -8/163     AC: 26    Str: 28      XL:     18   Next: 77%
Magic:  0/32       EV: 11    Int:  5      God:    Okawaru [*****.]
Gold:   895        SH:  0    Dex: 13 (15) Spells: 15/17 levels left

rFire    + + .     SeeInvis +   u - +0 executioner's axe (freeze)
rCold    + + +     Gourm    .   (shield currently unavailable)
rNeg     + . .     Faith    .   t - +2 gold dragon scales
rPois    +         Spirit   .   (helmet restricted)
rElec    .         Reflect  .   Y - scarf {rC+ rF+}
rCorr    .         Harm     .   T - +0 pair of gloves
MR       ++++.     Clarity  +   A - +1 pair of boots {Fly}
Stlth    ..........             W - amulet of the Four Winds {rN+ MR+++ Clar}
Regen    0.4/turn               Z - ring "Catiuh Muce" {rC+ MP+9 Str+4 Slay+3}
MPRegen  0.3/turn               y - ring of see invisible

@: finesse, flying
A: retaliatory headbutt, fangs 1, horns 2, clarity
}: 1/15 runes: barnacled
a: Heroism, Finesse, Renounce Religion, Stop Flying


You were on level 2 of the Spider Nest.
You worshipped Okawaru.
Okawaru was extremely pleased with you.
You were not hungry.

You visited 7 branches of the dungeon, and saw 31 of its levels.
You also visited: Labyrinth, Bailey and Ice Cave.

You collected 3390 gold pieces.
You spent 2495 gold pieces at shops.

Inventory:

Hand Weapons
 u - a +0 executioner's axe of freezing (weapon)
 P - a +1 executioner's axe of venom
 X - the +9 heavy crossbow "Sniper" {velocity, Acc+∞ SInv}
   (Okawaru gifted it to you on level 4 of the Shoals)

   Any bolt fired from it inflicts extra damage.
   It lets you see invisible.
Missiles
 Q - 498 bolts (quivered)
Armour
 t - +2 gold dragon scales (worn)
 A - a +1 pair of boots of flying (worn)
 F - the +1 chain mail of the Jolly Lovers {rN++ SInv}
   (You took it off an orc on level 7 of the Dungeon)

   It greatly protects you from negative energy.
   It lets you see invisible.
 T - a +0 pair of gloves (worn)
 Y - a scarf of resistance (worn)
Jewellery
 y - a ring of see invisible (right hand)
 E - an uncursed amulet of regeneration
 J - the ring of Pyhiylep {+Fly rC+}
   (You took it off a minotaur in a labyrinth)

   [ring of flight]

   It protects you from cold.
   It lets you fly.
 W - the amulet of the Four Winds (around neck) {rN+ MR+++ Clar}
   (You took it off a merfolk aquamancer on level 4 of the Shoals)

   [amulet of nothing]

   It protects you from negative energy.
   It affects your resistance to hostile enchantments.
   It protects you against confusion.
 Z - the ring "Catiuh Muce" (left hand) {rC+ MP+9 Str+4 Slay+3}
   (You bought it in a shop on level 2 of the Elven Halls)

   [ring of protection from cold]

   It affects your strength (+4).
   It affects your accuracy and damage with ranged weapons and melee attacks
   (+3).
   It protects you from cold.
   It affects your magic capacity (+9).
Wands
 j - a wand of confusion (12/48)
 w - a wand of digging (20/24)
 D - a wand of paralysis (12/24)
 I - a wand of disintegration (14/24)
 S - a wand of acid (2/15)
 V - a wand of flame (23/48)
Scrolls
 c - 11 scrolls of teleportation
 e - 15 scrolls of remove curse
 g - a scroll of fog
 i - 6 scrolls of magic mapping
 l - 3 scrolls of immolation
 m - 4 scrolls of amnesia
 o - 3 scrolls of fear
 s - 4 scrolls of identify
 v - a scroll of enchant armour
 C - 2 scrolls of recharging
 N - 2 scrolls of silence
Potions
 d - 9 potions of might
 q - 3 potions of flight
 x - a potion of cancellation
 z - 9 potions of curing
 G - a potion of magic
 H - 6 potions of agility
 K - a potion of brilliance
 L - 3 potions of ambrosia
 M - 2 potions of lignification
 R - 2 potions of invisibility
 U - 4 potions of haste
Books
 n - a book of Air

   Spells                             Type                      Level
   a - Shock                          Conjuration/Air              1
   b - Swiftness                      Charms/Air                   2
   c - Static Discharge               Conjuration/Air              3
   d - Airstrike                      Air                          4
   e - Lightning Bolt                 Conjuration/Air              5
 r - a book of Dreams

   Spells                             Type                      Level
   a - Ensorcelled Hibernation        Hexes/Ice                    2
   b - Silence                        Hexes/Air                    5
   c - Darkness                       Hexes                        6
   d - Shadow Creatures               Summoning                    6
 B - a book of Enchantments

   Spells                             Type                      Level
   a - Cause Fear                     Hexes                        4
   b - Yara's Violent Unravelling     Hexes/Transmutation          5
   c - Silence                        Hexes/Air                    5
   d - Deflect Missiles               Charms/Air                   6
   e - Discord                        Hexes                        8
 O - a book of Frost

   Spells                             Type                      Level
   a - Freeze                         Ice                          1
   b - Throw Frost                    Conjuration/Ice              2
   c - Ozocubu's Armour               Charms/Ice                   3
   d - Throw Icicle                   Conjuration/Ice              4
   e - Summon Ice Beast               Ice/Summoning                4
Miscellaneous
 a - a phantom mirror
 b - a lightning rod (4/4)
 h - a sack of spiders
Comestibles
 f - 9 bread rations
 k - 6 royal jellies
 p - 8 meat rations


   Skills:
 + Level 15.4 Fighting
 + Level 22.5 Axes
 + Level 10.9 Crossbows
 + Level 15.4 Armour
 - Level 10.0 Dodging
   Level 3.6 Shields
 - Level 10.0 Translocations
 + Level 8.9 Invocations
 + Level 6.9 Evocations


You had 15 spell levels left.
You knew the following spells:

 Your Spells              Type           Power        Failure   Level  Hunger
a - Blink                 Tloc           N/A          24%         2    ###....


Dungeon Overview and Level Annotations

Branches:
Dungeon (14/15)            Temple (1/1) D:4            Lair (6/6) D:9
 Shoals (4/4) Lair:2       Spider (2/4) Lair:2        Slime (0/5) Lair:6
    Orc (2/2) D:9             Elf (2/3) Orc:2        Vaults (0/5) D:14

Altars:
Cheibriados
Dithmenos
Makhleb
Okawaru
Sif Muna
Trog
Vehumet
The Shining One
Jiyva

Shops:
D:5 *   D:11 [[   Orc:1 !*   Orc:2 ![(}   Elf:2 =   Shoals:2 :

Portals:
Trove: Elf:1 (show abyssal rune of Zot)


Innate Abilities, Weirdness & Mutations

You reflexively headbutt those who attack you in melee.
You have a pair of horns on your head.
You have very sharp teeth.
You possess an exceptional clarity of mind.


Message History

The ghost moth stings you but does no damage.
Spoiler Alert: The ghost moth (invisible) will drain your Magic!
You slash the ghost moth!
You kill the ghost moth!
Okawaru accepts your kill.
The meliai invokes the aid of its god against you.
Something smites you!
* * * LOW HITPOINT WARNING * * *
Items here: )) [[ †† You take 13 damage, and have 20/163 hp.
You barely miss the meliai. Your bite misses the meliai.
The meliai calls down the wrath of its god upon you.
Something smites you!
* * * LOW HITPOINT WARNING * * *
You take 14 damage, and have 6/163 hp.
Okay, then.
You barely miss the meliai. You headbutt the meliai. You bite the meliai.
The meliai invokes the aid of its god against you.
Something smites you!
You die...

.... ### ... ##.##
##.. #...### ...#
#...#.#
..^#####.^..##
###...#.#.....#
#...y##......####
#@.†..#.#....#####
#....####....##.##
#.##.# #...#..#...
###### ###.#......
####...## ###..#
#.## ###. #^..


You could see a meliai.

Vanquished Creatures
  Mara (Shoals:4)
  Jorgrun (Shoals:3)
  A deep elf blademaster (Elf:2)
  Frances (D:14)
  A kraken (Shoals:1)
  Kirke (Lair:4)
  Donald (Orc:2)
  Ilsuiw (Shoals:4)
  Aizul (Elf:1)
  A ghost moth (Spider:2)
  An emperor scorpion (Spider:1)
  A reaper (IceCv)
  An entropy weaver (Spider:1)
  Azrael (D:12)
  A deep elf annihilator (Elf:2)
  The ghost of Baril the Unseen, a journeyman SpEn of Ashenzari (Lair:6)
  A minotaur (Lab)
  An ettin (Orc:2)
  A deep elf death mage (Elf:1)
  Josephine (Lair:4)
  Snorg (D:11)
  3 merfolk javelineers
  14 merfolk impalers
  A fire dragon (Lair:6)
  A centaur warrior (D:13)
  6 hydras
  Erica (D:8)
  A satyr (Shoals:3)
  2 alligator snapping turtles (Shoals:4)
  21 two-headed ogres
  5 ogre magi
  6 merfolk aquamancers
  5 death yaks (Lair:4)
  24 dancing weapons
  4 tengu warriors
  Urug (D:14)
  Sonja (D:11)
  15 deep elf knights
  A kraken simulacrum (Shoals:4)
  2 unseen horrors
  18 sea snakes
  2 wizards (D:7)
  7 deep elf archers
  A harpy (shapeshifter) (D:14)
  3 orc knights
  A lindwurm (Lair:6)
  19 harpies
  7 ugly things
  5 orb spiders
  14 manticores
  12 fauns
  3 orc sorcerers
  7 wolf spiders (Spider:1)
  54 deep elf magi
  A moth of wrath (Spider:1)
  4 water nymphs
  8 cyclopes
  7 black mambas
  The ghost of Demanufactor the Geomancer, a novice GrEE (D:7)
  Maurice (Orc:2)
  10 merfolk sirens
  2 ice statues (IceCv)
  A torpor snail (Lair:6)
  3 gargoyles
  11 spiny frogs
  3 molten gargoyles (Lair:6)
  A kobold demonologist (D:12)
  7 ice devils (IceCv)
  An efreet (D:12)
  15 komodo dragons
  A rime drake (Lair:1)
  A tengu conjurer (D:11)
  6 demonic crawlers
  8 jumping spiders
  8 trolls
  A tyrant leech (shapeshifter) (Elf:2)
  A hornet (shapeshifter) (Elf:2)
  2 meliai (Spider:2)
  7 wind drakes
  A polar bear (Lair:5)
  40 merfolk
  A harpy skeleton (D:13)
  11 dream sheep
  7 blink frogs
  17 snapping turtles
  14 hippogriffs
  Sigmund (D:5)
  4 air elementals
  7 wraiths
  A vampire (D:12)
  15 redbacks
  11 tarantellas (Spider:1)
  A spriggan (Lair:1)
  5 wyverns
  A hungry ghost (D:14)
  Eustachio (D:6)
  10 water elementals
  6 fire elementals
  4 basilisks
  6 hogs (Lair:4)
  38 yaks
  The ghost of yogakurto the Bolt Thrower, an amateur HuHu (D:3)
  3 steam dragons (Lair:6)
  2 acid dragons
  13 water moccasins
  10 porcupines
  6 hell hounds
  4 sky beasts
  18 orc warriors
  2 eyes of draining
  4 ice beasts
  4 black bears
  32 ogres
  10 wolves (Lair:1)
  10 centaurs
  9 crocodiles
  2 big kobolds
  3 earth elementals
  2 gnoll sergeants
  24 bullfrogs
  A wyvern zombie (D:13)
  A water moccasin zombie (D:6)
  12 scorpions
  11 killer bees
  2 vampire bats (D:4)
  6 wights
  2 electric eels (Lair:4)
  A howler monkey (D:11)
  5 lava snakes (Lair:6)
  2 crimson imps
  2 centaur zombies
  A quasit (D:10)
  5 jellies
  3 bullfrog zombies
  6 hounds
  7 centaur skeletons
  22 orc priests
  3 bullfrog skeletons
  4 iguanas
  13 orc wizards
  14 worker ants
  2 hound skeletons
  10 gnolls
  14 adders
  3 shadow imps
  8 white imps (IceCv)
  6 ufetubi (IceCv)
  An ooze (D:7)
  2 adder skeletons (D:6)
  5 worms
  2 dart slugs
  4 leopard geckos
  91 orcs
  21 bats
  3 giant cockroaches
  3 goblins
  7 hobgoblins
  3 jackals
  12 kobolds
  7 quokkas
  2 ball pythons (D:2)
  6 frilled lizards
  A jackal skeleton (D:5)
  A leopard gecko skeleton (D:5)
  A quokka skeleton (D:4)
  6 rats
  A bush (Lair:6)
  4 fungi
  29 plants
1138 creatures vanquished.

Vanquished Creatures (others)
  A spark wasp (Spider:2)
  A black mamba (Lair:6)
  A merfolk (Shoals:3)
  A yak (D:12)
  4 white imps (IceCv)
  3 ufetubi (IceCv)
  8 fungi
  16 plants
  52 tentacles
87 creatures vanquished.

Grand Total: 1225 creatures vanquished

Notes
Turn   | Place    | Note
-------+----------+-------------------------------------------
     0 | D:1      | ninurtach the Minotaur Fighter began the quest for the Orb.
     0 | D:1      | Reached XP level 1. HP: 19/19 MP: 0/0
    63 | D:1      | Reached skill level 3 in Axes
   123 | D:1      | Reached XP level 2. HP: 26/26 MP: 1/1
   304 | D:1      | Reached skill level 4 in Axes
   670 | D:2      | Reached XP level 3. HP: 31/31 MP: 2/2
   979 | D:2      | Reached skill level 5 in Axes
  1273 | D:3      | Reached XP level 4. HP: 31/39 MP: 3/3
  1438 | D:3      | Noticed yogakurto's ghost (amateur HuHu)
  1448 | D:3      | Killed yogakurto's ghost
  1448 | D:3      | Reached skill level 7 in Axes
  1448 | D:3      | Reached XP level 5. HP: 20/45 MP: 4/4
  2314 | D:4      | Found a shadowy altar of Dithmenos.
  2364 | D:4      | Noticed an ogre
  2459 | D:4      | Found a staircase to the Ecumenical Temple.
  2469 | Temple   | Entered the Ecumenical Temple
  2513 | Temple   | Became a worshipper of Warmaster Okawaru
  2592 | D:4      | Reached XP level 6. HP: 51/51 MP: 5/5
  2607 | D:4      | Reached skill level 8 in Axes
  2895 | D:4      | Found a bloodstained altar of Trog.
  2958 | D:4      | Reached skill level 9 in Axes
  3071 | D:5      | Entered Level 5 of the Dungeon
  3071 | D:5      | Noticed Sigmund
  3083 | D:4      | Reached * piety under Okawaru
  3355 | D:5      | Killed Sigmund
  3355 | D:5      | Reached XP level 7. HP: 22/57 MP: 6/6
  3668 | D:5      | Reached skill level 10 in Axes
  3881 | D:5      | Found Dehaosk's General Store.
  3896 | D:5      | Bought a potion of curing for 33 gold pieces
  3896 | D:5      | Bought a scroll of identify for 22 gold pieces
  3896 | D:5      | Bought a scroll of remove curse for 33 gold pieces
  3951 | D:5      | Reached ** piety under Okawaru
  3956 | D:5      | Reached skill level 10 in Fighting
  3956 | D:5      | Reached skill level 10 in Armour
  3956 | D:5      | Reached XP level 8. HP: 81/81 MP: 7/7
  4188 | D:5      | Reached skill level 1 in Invocations
  4585 | D:6      | Found a radiant altar of Vehumet.
  4671 | D:6      | Reached XP level 9. HP: 86/86 MP: 9/9
  4891 | D:6      | Noticed Eustachio
  4903 | D:6      | Killed Eustachio
  4905 | D:6      | Reached skill level 11 in Axes
  5179 | D:7      | Noticed Demanufactor's ghost (novice GrEE)
  5184 | D:7      | Killed Demanufactor's ghost
  5501 | D:7      | Noticed an orc sorcerer
  5522 | D:7      | Noticed a rust devil
  5523 | D:7      | Killed an orc sorcerer
  5523 | D:7      | Reached *** piety under Okawaru
  5535 | D:7      | Noticed a wizard
  5535 | D:7      | Killed a wizard
  5535 | D:7      | Reached skill level 12 in Axes
  5535 | D:7      | Reached XP level 10. HP: 41/94 MP: 10/12
  5566 | D:7      | Got a steaming chain mail
  5578 | D:7      | Identified the +1 chain mail of the Jolly Lovers {rN++ SInv} (You took it off an orc on level 7 of the Dungeon)
  5795 | D:7      | Noticed a wizard
  5800 | D:7      | Killed a wizard
  5800 | D:7      | Reached **** piety under Okawaru
  6506 | D:7      | Noticed an orc sorcerer
  6506 | D:7      | Paralysed by an orc sorcerer for 4 turns
  6518 | D:7      | Killed an orc sorcerer
  6518 | D:7      | Received a gift from Okawaru
  6518 | D:7      | Reached skill level 5 in Invocations
  6597 | D:7      | Reached skill level 13 in Axes
  7244 | D:8      | Noticed Erica
  7252 | D:8      | Killed Erica
  7837 | D:9      | Found a bloodstained altar of Trog.
  7890 | D:9      | Found a staircase to the Lair.
  7908 | D:9      | Reached skill level 14 in Axes
  8140 | D:9      | Noticed a two-headed ogre
  8148 | D:9      | Killed a two-headed ogre
  8148 | D:9      | Reached ***** piety under Okawaru
  8148 | D:9      | Reached XP level 11. HP: 68/101 MP: 13/13
  8276 | D:9      | Found a staircase to the Orcish Mines.
  8470 | D:10     | Entered Level 10 of the Dungeon
  8861 | D:10     | Reached skill level 15 in Axes
  9039 | D:10     | Received a gift from Okawaru
  9040 | D:10     | Got a crystal great sword {god gift}
  9570 | D:10     | Noticed a tengu warrior
  9580 | D:10     | Killed a tengu warrior
 10326 | D:10     | Reached skill level 16 in Axes
 10601 | Lair:1   | Entered Level 1 of the Lair of Beasts
 10605 | Lair:1   | Noticed a four-headed hydra
 10618 | Lair:1   | Killed a seven-headed hydra
 11729 | Lair:1   | Reached skill level 17 in Axes
 11925 | Lair:1   | Received a gift from Okawaru
 12072 | D:10     | Noticed an unseen horror
 12084 | D:10     | Killed an unseen horror
 12084 | D:10     | Reached XP level 12. HP: 98/108 MP: 14/14
 12590 | Lair:2   | Reached skill level 1 in Crossbows
 13079 | Lair:2   | Noticed a six-headed hydra
 13090 | Lair:2   | Killed a 12-headed hydra
 13232 | Lair:2   | Found a hole to the Spider Nest.
 13458 | Lair:2   | Found a staircase to the Shoals.
 13853 | Lair:3   | Reached skill level 18 in Axes
 14072 | Lair:3   | Received a gift from Okawaru
 14487 | Lair:3   | Noticed a six-headed hydra
 14496 | Lair:3   | Killed a nine-headed hydra
 14496 | Lair:3   | Received a gift from Okawaru
 15367 | Lair:4   | Reached skill level 5 in Crossbows
 15772 | Lair:4   | Noticed a five-headed hydra
 15783 | Lair:4   | Killed a five-headed hydra
 16013 | Lair:4   | Noticed a death yak
 16014 | Lair:4   | Noticed a death yak
 16014 | Lair:4   | Noticed a death yak
 16014 | Lair:4   | Noticed a death yak
 16045 | Lair:4   | Noticed a death yak
 16045 | Lair:4   | Killed a death yak
 16054 | Lair:4   | Killed a death yak
 16054 | Lair:4   | Reached skill level 19 in Axes
 16065 | Lair:4   | Killed a death yak
 16065 | Lair:4   | Received a gift from Okawaru
 16069 | Lair:4   | Killed a death yak
 16069 | Lair:4   | Reached XP level 13. HP: 92/116 MP: 9/15
 16072 | Lair:4   | Reached skill level 1 in Dodging
 16561 | Lair:4   | Noticed Josephine
 16570 | Lair:4   | Killed Josephine
 16570 | Lair:4   | Reached ****** piety under Okawaru
 16748 | Lair:4   | Noticed Kirke
 16756 | Lair:4   | Killed Kirke
 18483 | Orc:1    | Entered Level 1 of the Orcish Mines
 18530 | Orc:2    | Entered Level 2 of the Orcish Mines
 18542 | Orc:2    | Gained mutation: Your magical capacity is low. (-10% MP) [a neqoxec]
 18543 | Orc:2    | Noticed Maurice
 18564 | Orc:2    | Killed Maurice
 18566 | Orc:2    | Noticed Donald
 18576 | Orc:2    | Killed Donald
 18576 | Orc:2    | Received a gift from Okawaru
 18579 | Orc:2    | Noticed an ettin
 18585 | Orc:2    | Killed an ettin
 18592 | Orc:1    | Found Pakkazxu's Distillery.
 18614 | Orc:2    | Reached skill level 20 in Axes
 18988 | Orc:1    | Bought a potion of haste for 160 gold pieces
 18988 | Orc:1    | Bought 2 potions of flight for 96 gold pieces
 18988 | Orc:1    | Bought a potion of invisibility for 128 gold pieces
 19062 | Orc:1    | Found Yfav's Assorted Antiques.
 19083 | Orc:1    | Found a frozen archway.
 19090 | IceCv    | Entered an ice cave
 20089 | IceCv    | Received a gift from Okawaru
 20490 | IceCv    | Noticed a reaper
 20499 | IceCv    | Killed a reaper
 20499 | IceCv    | Reached skill level 5 in Dodging
 20981 | Orc:1    | Bought a scroll of identify for 56 gold pieces
 20981 | Orc:1    | Bought a scroll of identify for 56 gold pieces
 21102 | Orc:2    | Reached XP level 14. HP: 107/126 MP: 15/15
 21363 | Orc:2    | Found a staircase to the Elven Halls.
 21393 | Orc:2    | Received a gift from Okawaru
 21429 | Orc:2    | Received a gift from Okawaru
 21500 | Orc:2    | Received a gift from Okawaru
 21721 | Orc:2    | Received a gift from Okawaru
 22466 | Orc:2    | Reached skill level 21 in Axes
 22819 | Orc:2    | Found Baever Zamo's Gadget Shoppe.
 22820 | Orc:2    | Found Giat's Antique Armour Shop.
 22820 | Orc:2    | Found Inuam's Distillery.
 22820 | Orc:2    | Found Homi's Weapon Shop.
 22980 | D:11     | Noticed Sonja
 22987 | D:11     | Killed Sonja
 23538 | D:11     | Found a flagged portal.
 23548 | Bailey   | Entered a bailey
 23711 | Bailey   | Received a gift from Okawaru
 23983 | D:11     | Noticed Snorg
 23992 | D:11     | Killed Snorg
 24208 | D:11     | Found Xeew's Antique Armour Emporium.
 24426 | D:11     | Found Quohyrr's Antique Armour Boutique.
 24529 | D:12     | Received a gift from Okawaru
 25101 | D:12     | Noticed Azrael
 25112 | D:12     | Killed Azrael
 25117 | D:12     | Reached XP level 15. HP: 111/136 MP: 15/15
 25521 | D:13     | Got a distressingly furry plate armour
 25523 | D:13     | Found a labyrinth entrance.
 25533 | Lab      | Entered a labyrinth
 25544 | Lab      | Identified the +5 plate armour of Discretion {*Corrode Regen+ Int+9 Dex-3} (You found it on level 13 of the Dungeon)
 25661 | Lab      | Got a brightly glowing glass ring
 25663 | Lab      | Identified the ring of Pyhiylep {+Fly rC+} (You took it off a minotaur in a labyrinth)
 27007 | D:14     | Noticed Urug
 27020 | D:14     | Killed Urug
 27984 | D:14     | Noticed Frances
 27999 | D:14     | Killed Frances
 28186 | D:14     | Found a gate to the Vaults.
 28189 | D:14     | Received a gift from Okawaru
 28276 | D:14     | Learned a level 2 spell: Blink
 28406 | D:14     | Received a gift from Okawaru
 28780 | D:5      | Bought a +5 amulet of reflection for 453 gold pieces
 28943 | Shoals:1 | Entered Level 1 of the Shoals
 29000 | Lair:2   | Identified a scroll of acquirement
 29053 | Shoals:1 | Reached skill level 1 in Translocations
 29129 | Lair:2   | Lost mutation: Your magical capacity is low. (-10% MP) [potion of mutation]
 29129 | Lair:2   | Gained mutation: You are partially covered in yellow scales. (AC +2) [potion of mutation]
 29129 | Lair:2   | Gained mutation: You are frail. (-10% HP) [potion of mutation]
 29129 | Lair:2   | Gained mutation: You have a pair of large horns on your head. [potion of mutation]
 29130 | Lair:2   | Lost mutation: You are frail. (-10% HP) [potion of mutation]
 29130 | Lair:2   | Lost mutation: You have a pair of large horns on your head. [potion of mutation]
 29130 | Lair:2   | Lost mutation: You are partially covered in yellow scales. (AC +2) [potion of mutation]
 29130 | Lair:2   | Gained mutation: You possess an exceptional clarity of mind. [potion of mutation]
 29130 | Lair:2   | Gained mutation: You have very sharp teeth. [potion of mutation]
 29184 | Shoals:1 | Noticed a kraken
 29616 | Shoals:1 | Killed a kraken
 29911 | Shoals:1 | Reached skill level 22 in Axes
 30574 | Shoals:1 | Received a gift from Okawaru
 30677 | Shoals:1 | Noticed a kraken
 31722 | Shoals:2 | Found Motrusat's Book Shop.
 31726 | Shoals:2 | Reached skill level 10 in Dodging
 31786 | Shoals:2 | Reached XP level 16. HP: 137/147 MP: 16/18
 32221 | Shoals:3 | Noticed Jorgrun
 32397 | Shoals:3 | Killed Jorgrun
 32397 | Shoals:3 | Received a gift from Okawaru
 32397 | Shoals:3 | Reached skill level 15 in Fighting
 32930 | Shoals:3 | Received a gift from Okawaru
 33106 | Shoals:3 | Reached skill level 5 in Translocations
 33482 | Shoals:3 | Received a gift from Okawaru
 34404 | Shoals:4 | Entered Level 4 of the Shoals
 34409 | Shoals:4 | Received a gift from Okawaru
 34629 | Shoals:4 | Got a translucent silver ring
 34632 | Shoals:4 | Identified the ring "Pezodush" {*Tele rElec} (You found it on level 4 of the Shoals)
 36035 | Shoals:4 | Received a gift from Okawaru
 36157 | Shoals:4 | Reached skill level 10 in Crossbows
 36176 | Shoals:4 | Noticed Mara
 36593 | Shoals:4 | Reached skill level 1 in Evocations
 36612 | Shoals:4 | Noticed ninurtach's illusion
 36624 | Shoals:4 | Killed Mara
 36624 | Shoals:4 | Received a gift from Okawaru
 36624 | Shoals:4 | Reached XP level 17. HP: 36/156 MP: 15/20
 37051 | Shoals:4 | Noticed Ilsuiw
 37077 | Shoals:4 | Killed Ilsuiw
 37238 | Shoals:4 | Got a barnacled rune of Zot
 38384 | Lair:6   | Entered Level 6 of the Lair of Beasts
 38429 | Lair:6   | Received a gift from Okawaru
 38606 | Lair:6   | Found a burning altar of Makhleb.
 38731 | Lair:6   | Noticed Baril's ghost (journeyman SpEn)
 38786 | Lair:6   | Killed Baril's ghost
 38898 | Lair:6   | Found a large runed door.
 38998 | Lair:6   | Received a gift from Okawaru
 39373 | Lair:6   | Found a large runed door.
 39957 | Lair:6   | Found a staircase to the Slime Pits.
 39957 | Lair:6   | Found a viscous altar of Jiyva.
 40207 | Lair:6   | Received a gift from Okawaru
 40414 | Elf:1    | Entered Level 1 of the Elven Halls
 40515 | Orc:2    | Bought a potion of heal wounds for 70 gold pieces
 40515 | Orc:2    | Bought a potion of heal wounds for 70 gold pieces
 40546 | Orc:1    | Bought a potion of heal wounds for 80 gold pieces
 40546 | Orc:1    | Bought 2 potions of heal wounds for 160 gold pieces
 40927 | Elf:1    | Noticed Aizul
 40942 | Elf:1    | Killed Aizul
 41999 | Elf:1    | Received a gift from Okawaru
 42275 | Elf:1    | Reached skill level 5 in Evocations
 42748 | Elf:1    | Received a gift from Okawaru
 43138 | Elf:1    | Received a gift from Okawaru
 43285 | Elf:1    | Found a portal to a secret trove of treasure.
 43523 | Elf:2    | Reached XP level 18. HP: 161/163 MP: 22/22
 43862 | Elf:2    | Found Moakucuu's Jewellery Boutique.
 43885 | Elf:2    | Bought the ring "Catiuh Muce" {rC+ MP+9 Str+4 Slay+3} for 1078 gold pieces
 43934 | Elf:2    | Received a gift from Okawaru
 44037 | Elf:2    | Found a runed gate.
 44037 | Elf:2    | Found a runed gate.
 44037 | Elf:2    | Found a runed gate.
 44288 | Elf:2    | Reached skill level 10 in Translocations
 44843 | Elf:2    | Reached skill level 15 in Armour
 44846 | Elf:2    | Received a gift from Okawaru
 44887 | Elf:2    | HP: 6/163 [bardiche of holy wrath (27)]
 44888 | Elf:2    | HP: 2/163 [bardiche of holy wrath (18)]
 44903 | Elf:2    | Received a gift from Okawaru
 45735 | Elf:2    | Received a gift from Okawaru
 47028 | Spider:1 | Entered Level 1 of the Spider Nest
 48524 | Spider:2 | Received a gift from Okawaru
 48596 | Spider:2 | HP: 6/163 [meliai/divine providence (15)]
 48597 | Spider:2 | Killed from afar by a meliai

Skill      XL: |  1  2  3  4  5  6  7  8  9 10 11 12 13 14 15 16 17 18 |
---------------+-------------------------------------------------------+-----
Axes           | 3 4 5 7 9 10 12 14 17 19 20 21 22 | 22.5
Fighting       | 10 11 12 13 14 15 | 15.4
Armour         | 10 11 12 13 14 15 | 15.4
Invocations    | 1 4 5 7 8 |  8.9
Crossbows      | 5 10 | 10.9
Dodging        | 5 7 10 | 10.0
Translocations | 3 7 9 10 | 10.0
Evocations     | 2 5 6 |  6.9
Shields        | |  3.6

Action                   |  1- 3 |  4- 6 |  7- 9 | 10-12 | 13-15 | 16-18 || total
-------------------------+-------+-------+-------+-------+-------+-------++-------
Melee: War axe           |    89 |    64 |    69 |       |       |       ||   222
       Headbutt          |    12 |    14 |    33 |   100 |   246 |   309 ||   714
       Executioner's axe |       |       |    75 |   539 |   988 |  1263 ||  2865
       Battleaxe         |       |       |       |       |    66 |       ||    66
       Bite              |       |       |       |       |    21 |   145 ||   166
 Fire: Shortbow          |       |       |       |     4 |       |       ||     4
       Arbalest          |       |       |       |     5 |    38 |       ||    43
       Triple crossbow   |       |       |       |       |       |     8 ||     8
       Heavy crossbow    |       |       |       |       |       |    31 ||    31
Throw: Tomahawk          |       |       |       |     4 |       |       ||     4
Invok: Heroism           |       |       |     5 |     9 |    11 |    25 ||    50
       Finesse           |       |       |       |     7 |     7 |    23 ||    37
 Abil: Evoke Flight      |       |       |       |       |     5 |     3 ||     8
       Stop Flying       |       |       |       |       |     3 |     3 ||     6
Evoke: Wand              |       |       |       |     6 |     6 |     2 ||    14
  Use: Potion            |       |     2 |     1 |       |    12 |    12 ||    27
       Scroll            |       |     1 |    11 |    10 |    15 |     5 ||    42
 Stab: Distracted        |       |       |       |       |       |     1 ||     1
  Eat: Chunk             |     1 |     7 |     6 |    31 |    31 |    22 ||    98
       Fruit             |       |       |       |     3 |    26 |     9 ||    38
       Royal jelly       |       |       |       |       |       |     4 ||     4
       Meat ration       |       |       |       |       |       |     4 ||     4
Armor: Scale mail        |    45 |    20 |    59 |     1 |       |       ||   125
       Chain mail        |       |       |       |   432 |   214 |       ||   646
       Gold dragon scale |       |       |       |       |   467 |   826 ||  1293
Dodge: Dodged            |    26 |    18 |    64 |   310 |   469 |   542 ||  1429
Block: Shield            |    45 |    27 |    27 |       |       |       ||    99
       Other             |       |       |       |       |    72 |    76 ||   148
       Reflection        |       |       |       |       |     8 |    13 ||    21
